 Dungeon Crawl Stone Soup version 0.29-a0-911-g88e6f02907 (webtiles) character file.

Game seed: 10592793627133921382

471 funkygono the Firebug (level 7, -1/37 HPs)
             Began as a Gargoyle Fire Elementalist on July 24, 2022.
             Slain by Pikel
             ... wielding a +1 whip of freezing
              (4 damage)
             ... on level 3 of the Dungeon on July 25, 2022.
             The game lasted 00:08:30 (4919 turns).

funkygono the Firebug (Gargoyle Fire Elementalist)  Turns: 4919, Time: 00:08:30

Health: -1/37      AC:  7    Str: 11    XL:     7   Next: 9%
Magic:  4/13       EV: 12    Int: 18    God:
Gold:   215        SH:  0    Dex: 10    Spells: 0/15 levels left

rFire   . . .      SeeInvis .   t - +2 flail (venom)
rCold   . . .      Faith    .   (no shield)
rNeg    + . .      Spirit   .   a - +0 robe
rPois   ∞          Reflect  .   (no helmet)
rElec   +          Harm     .   (no cloak)
rCorr   .          Rampage  .   (no gloves)
Will    .....                   s - +0 pair of boots
Stlth   ++........              (no amulet)
HPRegen 0.12/turn               (no ring)
MPRegen 0.13/turn               (no ring)

@: no status effects
A: sickness immunity, AC +4, negative energy resistance 1, electricity
resistance, torment resistance 1, petrification resistance
a: no special abilities


You were on level 3 of the Dungeon.
You visited 1 branch of the dungeon, and saw 4 of its levels.

You collected 215 gold pieces.

Inventory:

Hand Weapons
 e - a +0 whip
 t - a +2 flail of venom (weapon)
Armour
 a - a +0 robe (worn)
 n - a +0 kite shield
 r - a +0 leather armour
 s - a +0 pair of boots (worn)
 u - a +0 leather armour of fire resistance
Magical Staves
 q - a staff of cold
Scrolls
 d - a scroll of blinking {unknown}
 g - a scroll of fear {unknown}
 h - a scroll of vulnerability {unknown}
 j - 2 scrolls of amnesia {unknown}
 k - a scroll of teleportation {unknown}
 m - a scroll of enchant armour {unknown}
 o - 4 scrolls of identify {unknown}
Potions
 b - 2 potions of magic
 c - a potion of resistance {unknown}
 f - 2 potions of haste {unknown}
 i - 3 potions of cancellation {unknown}
 l - 3 potions of curing
 p - a potion of ambrosia {unknown}
 v - a potion of brilliance {unknown}
 w - a potion of lignification {unknown}


   Skills:
 + Level 0.3 Fighting
 + Level 1.0 Maces & Flails
 + Level 1.7 Dodging
 - Level 2.1 Stealth
 + Level 4.6 Spellcasting
 + Level 3.1 Conjurations
 + Level 5.2 Fire Magic


You couldn't memorise any spells.
You knew the following spells:

 Your Spells              Type           Power      Damage    Failure   Level
a - Foxfire               Conj/Fire      76%        2x1d7     2%          1
b - Scorch                Fire           44%        2d7       2%          2
c - Conjure Flame         Conj/Fire      19%        6-21      8%          3
d - Flame Wave            Conj/Fire      19%        2d6       24%         4
e - Sting                 Tmut/Pois      16%        1d3       14%         1
f - Olgreb's Toxic Radia  Pois           4%         N/A       80%         4

Your spell library contained the following spells:

 Spells                   Type           Power      Damage    Failure   Level
 Static Discharge         Conj/Air       9%         3-5/arc   11%         2
 Inner Flame              Hex/Fire       13%        N/A       14%         3
 Poisonous Vapours        Pois/Air       8%         N/A       22%         2
 Lightning Bolt           Conj/Air       4%         1d16      90%         5
 Maxwell's Capacitive Co  Air            2%         ∞         100%        8


Dungeon Overview and Level Annotations

Branches:
Dungeon (4/15)
 Temple: D:4-7

Altars:

Shops:
D:1 (

Annotations:
D:3 3 runed translucent doors, Pikel; p0werm0de's ghost, amateur MeCK
D:4 3 runed translucent doors, asdu's ghost, amateur MeFE


Innate Abilities, Weirdness & Mutations

You are immune to sickness and miasma.
Your stone body is resilient. (AC +4)
You are immune to poison.
You resist negative energy. (rN+)
You are resistant to electric shocks. (rElec)
You are resistant to unholy torment.
You are immune to petrification.


Message History

You conjure some foxfire!
The foxfire hits the lemure.
The lemure is almost dead.
Pikel hits you but does no damage. The lemure misses you.
Unknown command.
Casting: Foxfire (safe; 2% risk of failure)
Confirm with . or Enter, or press ? or * to list all spells.
You conjure some foxfire!
The foxfire hits Pikel.
Pikel is heavily wounded.
Pikel hits you with a +1 whip of freezing.
* * * LOW HITPOINT WARNING * * *
Pikel freezes you.
* * * LOW HITPOINT WARNING * * *
The lemure hits you.
* * * LOW HITPOINT WARNING * * *
Okay, then.
Unknown command.
It was a potion of curing.
You feel better.
The foxfire hits Pikel.
Pikel is heavily wounded.
The foxfire hits the lemure.
You kill the lemure!
That felt strangely unrewarding.
The foxfire hits Pikel.
Pikel is severely wounded.
Pikel closely misses you. Pikel attacks as you move away!
Pikel hits you with a +1 whip of freezing.
* * * LOW HITPOINT WARNING * * *
Pikel freezes you.
* * * LOW HITPOINT WARNING * * *
Pikel looks more healthy.
Pikel attacks as you move away! Pikel closely misses you.
Pikel attacks as you move away! Pikel completely misses you.
There is a stone staircase leading down here.
Pikel says, "You'll make a fine lemure."
Casting: Foxfire (safe; 2% risk of failure)
Confirm with . or Enter, or press ? or * to list all spells.
You conjure some foxfire!
Pikel hits you with a +1 whip of freezing!
* * * LOW HITPOINT WARNING * * *
Pikel freezes you.
You die...

.....# #....##.........#.###....
.....# #....##.........#........
.....####....##.........#........
......#......##.........#........
......#......##...........#######
......#......##.....#.....######
......#......##.....##.........##
.............##.vv.............'.
.............##.@..............##
................K..............##
.##.##..........>............#...
.................#...##......#...
........###......#.......#.......
........######...#.......#.......
...................#.....#.......
........########...#...........##
.....#### ######..........##...##


You could see Pikel (ally target).

Vanquished Creatures
  Eustachio (D:4)
  Edmund (D:4)
  4 lemures
  A hound (D:4)
  2 orc priests (D:3)
  An iguana (D:4)
  An adder (D:2)
  2 worms
  2 dart slugs
  8 orcs
  7 ball pythons
  9 endoplasms
  2 giant cockroaches
  7 goblins
  6 hobgoblins
  A quokka (D:2)
  5 bats
  6 frilled lizards
  12 kobolds
  A rat (D:2)
79 creatures vanquished.

Vanquished Creatures (others)
  3 demonic plants (D:2)
  263 foxfires
266 creatures vanquished.

Grand Total: 345 creatures vanquished

Notes
Turn   | Place    | Note
-------+----------+-------------------------------------------
     0 | D:1      | funkygono the Gargoyle Fire Elementalist began the quest
                  | for the Orb.
     0 | D:1      | Reached XP level 1. HP: 10/10 MP: 3/3
   348 | D:1      | Reached XP level 2. HP: 15/15 MP: 0/5
   351 | D:1      | Learned a level 2 spell: Scorch
   669 | D:1      | Found a faded altar of an unknown god.
   699 | D:1      | Found Luecok's Antique Weapon Shoppe.
  1286 | D:2      | Reached XP level 3. HP: 19/19 MP: 1/6
  1290 | D:2      | Learned a level 3 spell: Conjure Flame
  1967 | D:2      | Upgraded the game from 0.29-a0-902-g0f71de6fce to
                  | 0.29-a0-911-g88e6f02907
  2013 | D:2      | Reached XP level 4. HP: 21/24 MP: 2/8
  2182 | D:3      | Reached skill level 4 in Fire Magic
  2801 | D:3      | Found a runed translucent gate.
  2801 | D:3      | Found a runed translucent gate.
  2801 | D:3      | Found a runed translucent gate.
  2806 | D:3      | Noticed p0werm0de's ghost (amateur MeCK)
  3237 | D:4      | Reached XP level 5. HP: 23/28 MP: 1/9
  3566 | D:4      | Noticed Eustachio
  3573 | D:4      | Killed Eustachio
  3574 | D:4      | Reached XP level 6. HP: 32/32 MP: 3/12
  3698 | D:4      | Found a runed translucent gate.
  3698 | D:4      | Found a runed translucent gate.
  3698 | D:4      | Found a runed translucent gate.
  3700 | D:4      | Identified the +7 dagger "Etes" {antimagic, *Corrode rElec
                  | Str+5}
  3700 | D:4      | Identified the +8 chain mail "Iroppext" {Will++}
  3700 | D:4      | Noticed an orc warrior
  3709 | D:4      | Noticed asdu's ghost (amateur MeFE)
  3778 | D:4      | Noticed Edmund
  3793 | D:4      | Killed Edmund
  3794 | D:4      | Reached skill level 5 in Fire Magic
  3794 | D:4      | Reached XP level 7. HP: 22/37 MP: 0/13
  3945 | D:4      | Reached skill level 1 in Maces & Flails
  4127 | D:4      | Learned a level 4 spell: Flame Wave
  4129 | D:4      | Learned a level 1 spell: Sting
  4134 | D:4      | Learned a level 4 spell: Olgreb's Toxic Radiance
  4153 | D:4      | Noticed Pikel
  4919 | D:3      | Slain by Pikel

Illustrated notes

Levels and vault maps discovered:
D:1:      giann_forest_graveyard, layout_basic, serial_shops,
          nicolae_shop_statue_plus, hellmonk_ecumenical_altar_heavens_door,
          nicolae_figureground_sparkle
D:2:      layout_rooms, dreamdust_princess_corridor
D:3:      layout_basic, gammafunk_ghost_necromancy, serial_glass,
          glass_columns_c, glass_columns_b, glass_columns_a, glass_columns_a,
          glass_columns_a, glass_columns_a
D:4:      layout_gridville, biasface_ghost_orc_armoury, uniq_eustachio,
          uniq_edmund, uniq_pikel

Skill      XL: |  1  2  3  4  5  6  7 |
---------------+----------------------+-----
Fire Magic     | 4 5 |  5.2
Spellcasting   | 3 4 |  4.6
Conjurations   | 2 3 |  3.1
Maces & Flails | 1 |  1.0
Fighting       | |  0.3
Dodging        | |  1.7
Stealth        | |  2.1

Action                   |  1- 3 |  4- 6 |  7- 9 || total
-------------------------+-------+-------+-------++-------
Melee: Whip              |     2 |    17 |       ||    19
       Flail             |       |       |    13 ||    13
 Cast: Foxfire           |    61 |    53 |    34 ||   148
       Scorch            |     4 |    10 |     1 ||    15
  Use: Potion            |       |       |     1 ||     1
Armor: Robe              |     1 |     7 |    11 ||    19
Dodge: Dodged            |     3 |    27 |    23 ||    53

Table legend: (Time is in decaauts)
 A = Elapsed time spent in this place.
 B = Non-inter-level travel time spent in this place.
 C = Inter-level travel time spent in this place.
 D = Time resting spent in this place.
 E = Time spent auto-exploring this place.
 F = Levels seen in this place.
 G = Mean time per level.
                   A        B        C        D        E       F      G
               +--------+--------+--------+--------+--------+-----+--------+
         Total |   4928 |   4833 |     95 |    862 |   3141 |   4 | 1232.0 |
       Dungeon |   4928 |   4833 |     95 |    862 |   3141 |   4 | 1232.0 |
               +--------+--------+--------+--------+--------+-----+--------+

Top non-repeatable levels by time:
     D:3: 1606 daAuts
     D:1: 1330 daAuts
     D:4: 1030 daAuts
     D:2: 961 daAuts
